 Dungeon Crawl Stone Soup version 0.22-a0-858-g985ef60 (webtiles) character file.

185 poirepourri the Magician (level 5, -6/28 HPs)
             Began as a Deep Elf Conjurer on July 27, 2018.
             Blown up by Pikel (13 damage)
             ... with a wand of disintegration (7)
             ... on level 4 of the Dungeon.
             The game lasted 00:04:13 (2723 turns).

poirepourri the Magician (Deep Elf Conjurer)        Turns: 2723, Time: 00:04:13

Health: -6/28      AC:  3    Str:  8    XL:     5   Next: 37%
Magic:  2/17       EV: 13    Int: 21    God:
Gold:   128        SH:  0    Dex: 15    Spells: 5/19 levels left

rFire    . . .     SeeInvis .   g - +1 short sword
rCold    . . .     Gourm    .   (no shield)
rNeg     . . .     Faith    .   a - +0 robe
rPois    .         Spirit   .   (no helmet)
rElec    .         Reflect  .   (no cloak)
rCorr    .         Harm     .   (no gloves)
MR       .....                  l - +0 pair of boots
Stlth    ++........             (no amulet)
HPRegen  0.09/turn              e - ring of flight
MPRegen  0.15/turn              f - +3 ring of strength

@: very slightly contaminated
A: no striking features
a: Evoke Flight


You were on level 4 of the Dungeon.
You were not hungry.

You visited 1 branch of the dungeon, and saw 4 of its levels.

You collected 128 gold pieces.

Inventory:

Hand Weapons
 g - a +1 short sword (weapon)
Armour
 a - a +0 robe (worn)
 l - a +0 pair of boots (worn)
Jewellery
 d - an uncursed ring of protection from cold {unknown}
 e - a ring of flight (left hand)
 f - a +3 ring of strength (right hand)
 m - a +2 amulet of reflection {unknown}
Scrolls
 h - 2 scrolls of amnesia
 i - 2 scrolls of teleportation
Potions
 b - 2 potions of curing
 j - a potion of cancellation
 p - a potion of heal wounds {unknown}
Comestibles
 c - 9 rations


   Skills:
 - Level 2.4 Dodging
 - Level 2.4 Stealth
 + Level 7.6 Spellcasting
 - Level 4.3 Conjurations


You had 5 spell levels left.
You knew the following spells:

 Your Spells              Type           Power        Failure   Level  Hunger
a - Magic Dart            Conj           ####         1%          1    None
b - Searing Ray           Conj           ####..       1%          2    None
c - Dazzling Spray        Conj/Hex       ###...       10%         3    None
d - Iskenderun's Mystic   Conj           ####....     14%         4    ###....
e - Force Lance           Conj/Tloc      ###.....     32%         4    ###....

Your spell library contained the following spells:

 Spells                   Type           Power        Failure   Level  Hunger
 Fulminant Prism          Conj/Hex       ###.......   32%         4    ###....


Dungeon Overview and Level Annotations

Branches:
Dungeon (4/15)
 Temple: D:4-7

Altars:

Annotations:
D:4 Pikel


Message History

Press: ? - help, Shift-Dir - straight line, f/p - Pikel
Aim: Pikel, wielding a whip of flaming, wearing a robe and carrying a wand of disintegration (9) (moderately wounded)
The magic dart hits Pikel.
Pikel is moderately wounded.
Casting: Magic Dart (safe; 1% risk of failure)
Confirm with . or Enter, or press ? or * to list all spells.
Aiming: Magic Dart (safe; 1% risk of failure)
Press: ? - help, Shift-Dir - straight line, f/p - Pikel
Aim: Pikel, wielding a whip of flaming, wearing a robe and carrying a wand of disintegration (9) (moderately wounded)
The magic dart hits Pikel.
Pikel is moderately wounded.
Okay, then.
Things that are here:
a shortbow; 21 arrows Pikel zaps a wand.
You are blasted!
Pikel zaps a wand.
You are blasted!
* * * LOW HITPOINT WARNING * * *
You see here an arrow.
Pikel zaps a wand.
You are blasted!
You die...

####......###.............
#...........#.###..^......
#.##......#.#.# ##.....>..
# ##.##.##.#.# #...###..
.........#.# ##.###...
###<##.#..#.# #.##....
#.##.#..#.# #.#[....
#....[..#.# #.##....
####.@....# #.###... #.#
###.#### #.# ##.. #.# #(#
#. ##. #.# #.# ## #!# #.#
#.# #K# ##.## #.#
#######...# #.#
......(!..# #)#


You could see Pikel.

Vanquished Creatures
  A centaur (D:4)
  A gnoll (D:1)
  3 adders
  A worm (D:2)
  A leopard gecko (D:2)
  6 orcs (D:3)
  2 ball pythons (D:1)
  10 goblins
  5 hobgoblins
  3 quokkas
  7 bats
  7 frilled lizards
  7 kobolds
  9 rats
63 creatures vanquished.

Notes
Turn   | Place    | Note
-------+----------+-------------------------------------------
     0 | D:1      | poirepourri the Deep Elf Conjurer began the quest for the Orb.
     0 | D:1      | Reached XP level 1. HP: 10/10 MP: 6/6
    34 | D:1      | Reached skill level 4 in Spellcasting
    34 | D:1      | Reached XP level 2. HP: 15/15 MP: 1/9
    38 | D:1      | Learned a level 2 spell: Searing Ray
   697 | D:1      | Reached XP level 3. HP: 19/19 MP: 7/11
   806 | D:1      | Reached skill level 5 in Spellcasting
   815 | D:1      | Learned a level 3 spell: Dazzling Spray
  1710 | D:3      | Reached XP level 4. HP: 24/24 MP: 8/13
  1778 | D:3      | Reached skill level 6 in Spellcasting
  2522 | D:3      | Learned a level 4 spell: Iskenderun's Mystic Blast
  2527 | D:3      | Learned a level 4 spell: Force Lance
  2596 | D:4      | Noticed a centaur
  2599 | D:4      | Killed a centaur
  2599 | D:4      | Reached skill level 7 in Spellcasting
  2599 | D:4      | Reached XP level 5. HP: 16/28 MP: 6/17
  2692 | D:4      | Noticed a slave
  2694 | D:4      | Noticed Pikel
  2696 | D:4      | Noticed a slave
  2723 | D:4      | Blown up by Pikel

Vault maps used:
D:1:      elethiomel_arrival_shortcut
D:2:      first_ration
D:4:      temple_doors_e, uniq_pikel

Skill      XL: |  1  2  3  4 |
---------------+-------------+-----
Spellcasting   | 4 5 7 |  7.6
Dodging        | |  2.4
Stealth        | |  2.4
Conjurations   | |  4.3

Action                   |  1- 3 |  4- 6 || total
-------------------------+-------+-------++-------
Melee: Short sword       |       |     2 ||     2
 Cast: Magic Dart        |    62 |    29 ||    91
       Searing Ray       |     5 |     7 ||    12
       Iskenderun's Myst |       |     2 ||     2
  Use: Scroll            |     6 |     5 ||    11
       Potion            |       |     1 ||     1
  Eat: Ration            |     1 |     1 ||     2
Armor: Robe              |     3 |     1 ||     4
       Skin              |       |     2 ||     2
Dodge: Dodged            |     9 |    13 ||    22

Table legend:
 A = Spawn XP
 B = Non-spawn XP
 C = Spawn XP percentage of total XP
 D = Spawn monster count
 E = Non-spawn monster count
 F = Spawn count percentage of total count
 G = Total turns spent on level
                    A         B        C        D         E        F      G
               +---------+---------+-------+---------+---------+-------+---------
         Total |       0 |     265 |   0.0 |       0 |      63 |   0.0 |  2723
               +---------+---------+-------+---------+---------+-------+---------
           D:1 |       0 |      46 |   0.0 |       0 |      22 |   0.0 |   871
           D:2 |       0 |      36 |   0.0 |       0 |      21 |   0.0 |   812
           D:3 |       0 |      59 |   0.0 |       0 |      18 |   0.0 |   858
           D:4 |       0 |     124 |   0.0 |       0 |       2 |   0.0 |   182
               +---------+---------+-------+---------+---------+-------+---------
